 Dungeon Crawl Stone Soup version 0.29.1-4-g47bece8355 (webtiles) character file.

Game seed: 543804940099539675

2 Peloso the Shield-Bearer (level 1, 20/20 HPs)
             Began as a Minotaur Fighter on Dec 3, 2022.
             Got out of the dungeon alive.
             The game lasted 00:00:42 (106 turns).

Peloso the Shield-Bearer (Minotaur Fighter)          Turns: 106, Time: 00:00:43

Health: 20/20      AC:  7    Str: 20    XL:     1   Next: 33%
Magic:  0/0        EV:  9    Int:  3    God:
Gold:   15         SH:  4    Dex:  9    Spells: 0/0 levels left

rFire   . . .      SeeInvis .   a - +0 long sword
rCold   . . .      Faith    .   c - +0 buckler
rNeg    . . .      Spirit   .   b - +0 scale mail
rPois   +          Reflect  .   (helmet restricted)
rElec   .          Harm     .   (no cloak)
rCorr   .          Rampage  .   (no gloves)
Will    .....                   (no boots)
Stlth   ..........              (no amulet)
HPRegen 0.06/turn               (no ring)
MPRegen 0.07/turn               (no ring)

@: no status effects
A: horns 2, retaliatory headbutt, dopey 1, poison resistance, MP-powered wands
a: no special abilities


You escaped.
You visited 1 branch of the dungeon, and saw 1 of its levels.

You collected 15 gold pieces.

Inventory:

Hand Weapons
 a - a +0 long sword (weapon)
Armour
 b - a +0 scale mail (worn)
 c - a +0 buckler (worn)
Potions
 d - a potion of might
 g - a potion of curing {unknown}


   Skills:
 + Level 3.7 Fighting
 + Level 2.4 Long Blades
 + Level 3.7 Armour
 + Level 3.7 Shields


You couldn't memorise any spells.
You didn't know any spells.
Your spell library was empty.

Dungeon Overview and Level Annotations

Branches:
Dungeon (1/15)

Altars:


Innate Abilities, Weirdness & Mutations

You have a pair of horns on your head.
You reflexively headbutt those who attack you in melee.
You are dopey. (Int -2)
Your system is resistant to poisons. (rPois)
You expend magic power (3 MP) to strengthen your wands.


Message History

The endoplasm quivers.
An endoplasm is nearby!
Found a smoky green potion.
The endoplasm barely misses you. You furiously retaliate!
You headbutt the endoplasm. You slash the endoplasm!
You kill the endoplasm!
You now have 15 gold pieces.
Found 6 stones.
f - a smoky green potion
Found 5 stones.
g - an inky potion It was a potion of flight.
You feel very buoyant.
You fly up into the air.
It was a potion of mutation.
You feel extremely strange.
You feel your magical essence link to the dungeon's wands.
You feel stupid.
You feel resistant to poisons.
Found an agate ring.
You see here 6 stones.
A hobgoblin comes into view.
The hobgoblin shouts!
The hobgoblin moves out of view.
You see here a ring of poison resistance.
You see here a ring of poison resistance.
The hobgoblin barely misses you. You furiously retaliate!
You headbutt the hobgoblin.
The hobgoblin hits you but does no damage.
You closely miss the hobgoblin. You headbutt the hobgoblin.
You kill the hobgoblin!
You see here a hobgoblin corpse.
You are starting to lose your buoyancy.
You float gracefully downwards.
There is an open door here.
There is a staircase leading out of the dungeon here.
There is a staircase leading out of the dungeon here.
Are you sure you want to leave the Dungeon?
This will make you lose the game!
Alright, then stay!
Are you sure you want to leave the Dungeon?
This will make you lose the game!
You have escaped!

##+##
###...#
#.+.@.#
#.#...#
#.##'##
##....#
#..####
##+##.######
#.....#....#
#.....#....#
#.....#....#
..


There were no monsters in sight!

Vanquished Creatures
  An endoplasm (D:1)
  A hobgoblin (D:1)
2 creatures vanquished.

Notes
Turn   | Place    | Note
-------+----------+-------------------------------------------
     0 | D:1      | Peloso the Minotaur Fighter began the quest for the Orb.
     0 | D:1      | Reached XP level 1. HP: 19/19 MP: 0/0
    36 | D:1      | Gained mutation: You expend magic power (3 MP) to
                  | strengthen your wands. [potion of mutation]
    36 | D:1      | Gained mutation: You are dopey. (Int -2) [potion of
                  | mutation]
    36 | D:1      | Gained mutation: Your system is resistant to poisons.
                  | (rPois) [potion of mutation]
   106 | D:$      | Got out of the dungeon alive.

Illustrated notes

Levels and vault maps discovered:
D:1:      dpeg_arrival_tiny_g, layout_basic, hex_large

Action                   || total
-------------------------++-------
Melee: Long sword        ||     2
       Headbutt          ||     1
  Use: Potion            ||     2
Armor: Scale mail        ||     1
Dodge: Dodged            ||     2
